[Event "Titled Tuesday Blitz August 23 Late 2022"]
[White "Moroni, Luca Jr"]
[Black "Theodorou, Nikolas"]
[WhiteFideId "865834"]
[BlackFideId "4262875"]
[WhiteElo "2573"]
[BlackElo "2484"]
[Result "1-0"]
[Round "10"]
[TimeControl "180+1"]
[Date "2022.08.23"]
[WhiteClock "0:00:05"]
[BlackClock "0:00:01"]

1. d4 Nf6 2. c4 g6 3. Nc3 Bg7 4. e4 d6 5. Bd3 O-O 6. Nge2 Nc6 7. O-O e5 8. d5 Nd4 9. Nxd4 exd4 10. Ne2 Re8 11. f3 c5 12. Ng3 a6 13. b3 Bd7 14. Bg5 b5 15. Qd2 bxc4 16. bxc4 Rb8 17. Rab1 Qc7 18. Qf4 Nh5 19. Nxh5 gxh5 20. Bf6 Bxf6 21. Qxf6 Rxb1 22. Rxb1 Rb8 23. Rxb8+ Qxb8 24. h4 Qb4 25. Qd8+ Kg7 26. Qxd7 Qd2 27. Bf1 Qe1 28. Qxd6 d3 29. Qe5+ Kg8 30. Qg5+ Kf8 31. d6 d2 32. Qd8+ Kg7 33. Qg5+ Kf8 34. Qe7+ Kg7 35. d7 Qe3+ 36. Kh2 d1=Q 37. d8=Q Qf4+ 38. Kh3 Qdxf3+ 39. gxf3 Qxf3+ 40. Kh2 Qf4+ 41. Kg1 Qe3+ 42. Kg2 1-0


[Site "https://www.chess.com"]

[Event "Titled Tuesday Blitz August 23 Late 2022"]
[White "Noboa Silva, Kevin"]
[Black "Blanco Ronquillo, Humberto L."]
[WhiteFideId "3618471"]
[BlackFideId "3504239"]
[WhiteElo "2172"]
[BlackElo "2425"]
[Result "0-1"]
[Round "10"]
[TimeControl "180+1"]
[Date "2022.08.23"]
[WhiteClock "0:01:17"]
[BlackClock "0:01:43"]

1. d4 d5 2. c4 c6 3. Nc3 Nf6 4. cxd5 cxd5 5. Bf4 Nc6 6. e3 Bf5 7. Qb3 Na5 8. Qa4+ Bd7 9. Qc2 Rc8 10. Bd3 e6 11. Nf3 Nc4 12. O-O Bb4 13. Ne5 Nxb2 14. Nxd7 Qxd7 15. Qxb2 Bxc3 16. Qb3 Bxa1 17. Bb5 Rc6 18. Rxa1 O-O 19. Bxc6 Qxc6 20. Rb1 Rc8 21. f3 b6 22. h4 Qc3 23. Qa4 Nh5 24. Qxa7 Nxf4 25. exf4 Qxd4+ 26. Kh1 Qxf4 27. Qxb6 Qxh4+ 28. Kg1 h5 29. Qb3 Qd4+ 30. Kh2 Qf2 31. Qa4 Rc4 0-1


[Site "https://www.chess.com"]

[Event "Titled Tuesday Blitz August 23 Late 2022"]
[White "Pakleza, Zbigniew"]
[Black "Nazaretyan, Tigran"]
[WhiteFideId "1119290"]
[BlackFideId "24162345"]
[WhiteElo "2411"]
[BlackElo "2183"]
[Result "1-0"]
[Round "10"]
[TimeControl "180+1"]
[Date "2022.08.23"]
[WhiteClock "0:00:14"]
[BlackClock "0:00:09"]

1. d4 Nf6 2. Nf3 g6 3. Bf4 Bg7 4. e3 O-O 5. Be2 d6 6. h3 c5 7. c3 cxd4 8. cxd4 Nc6 9. Nc3 Qb6 10. a3 Re8 11. Na4 Qc7 12. O-O e5 13. Bh2 Ne4 14. d5 Ne7 15. Rc1 Qd8 16. Qc2 Bf5 17. Qb3 b6 18. Bb5 Bd7 19. Nc3 Nc5 20. Qc4 Rc8 21. Qe2 Nf5 22. b4 Nb7 23. Ba6 Rb8 24. Nb5 Bxb5 25. Qxb5 Re7 26. Rc6 Qd7 27. Rfc1 Nd8 28. Rc8 Rxc8 29. Rxc8 Bf8 30. Qxd7 Rxd7 31. Bb5 Ne7 32. Bxd7 Nxc8 33. Bxc8 f5 34. Ng5 h6 35. Ne6 Nxe6 36. Bxe6+ Kg7 37. f3 Kf6 38. e4 f4 39. Kf1 Ke7 40. Bg1 Kd8 41. Ke2 Be7 42. Kd3 Bh4 43. Kc4 Kc7 44. Kb5 Kb7 45. Bf7 g5 46. Be8 a6+ 47. Kc4 Be1 48. a4 Bd2 49. Bc6+ Kc7 50. a5 b5+ 51. Bxb5 axb5+ 52. Kxb5 Kb7 53. a6+ Ka8 54. Bf2 Bc3 55. Kc4 Bd2 56. b5 Ba5 57. b6 Bd2 58. Kb5 Be3 59. Be1 Kb8 60. Kc6 Bxb6 61. Kxb6 Ka8 62. Bb4 Kb8 63. Bxd6+ Ka8 64. Bxe5 h5 65. Bf6 g4 66. hxg4 hxg4 67. fxg4 f3 68. gxf3 Kb8 69. g5 Kc8 70. e5 Kd7 71. f4 Ke8 72. f5 Kf7 73. Kc5 Kg8 74. Kd6 Kf8 75. Ke6 Ke8 76. a7 Kf8 77. g6 Kg8 78. d6 1-0


[Site "https://www.chess.com"]

[Event "Titled Tuesday Blitz August 23 Late 2022"]
[White "Paravyan, David"]
[Black "Pulpan, Jakub"]
[WhiteFideId "4194985"]
[BlackFideId "302759"]
[WhiteElo "2569"]
[BlackElo "2451"]
[Result "1-0"]
[Round "10"]
[TimeControl "180+1"]
[Date "2022.08.23"]
[WhiteClock "0:00:42"]
[BlackClock "0:00:15"]

1. e4 e5 2. Nf3 Nc6 3. Nc3 Be7 4. d4 exd4 5. Nxd4 d6 6. Bb5 Bd7 7. O-O Nf6 8. Re1 O-O 9. h3 Re8 10. Nxc6 Bxc6 11. Bxc6 bxc6 12. Qd3 Nd7 13. Bf4 Bf6 14. Rad1 Ne5 15. Qa6 Qc8 16. Qxc8 Rexc8 17. Na4 Nd7 18. b3 Nb6 19. Nxb6 axb6 20. a4 b5 21. axb5 cxb5 22. e5 dxe5 23. Bxe5 Bg5 24. Rd7 Re8 25. Kf1 c6 26. g3 h5 27. f4 Bd8 28. Red1 Bb6 29. Rb7 Bc5 30. Rdd7 Ra2 31. Rxf7 Bf8 32. Bxg7 Rxc2 33. Rxf8+ Rxf8 34. Bxf8 Kxf8 35. Rh7 Rc3 36. Kf2 Rxb3 37. Rxh5 Rc3 38. Rh8+ Ke7 39. Rb8 Kf6 40. h4 Kf5 41. Kg2 Rc2+ 42. Kh3 Rc1 43. Rf8+ Kg6 44. Kg4 b4 45. Rb8 Kg7 46. Rxb4 1-0


[Site "https://www.chess.com"]

[Event "Titled Tuesday Blitz August 23 Late 2022"]
[White "Poltorak, Sebastian"]
[Black "Rustemov, Alexander"]
[WhiteFideId "1199498"]
[BlackFideId "4119002"]
[WhiteElo "2102"]
[BlackElo "2753"]
[Result "0-1"]
[Round "10"]
[TimeControl "180+1"]
[Date "2022.08.23"]
[WhiteClock "0:00:52"]
[BlackClock "0:01:29"]

1. Nc3 d5 2. d4 Nf6 3. Bf4 c5 4. e3 cxd4 5. exd4 a6 6. Bd3 Nc6 7. Nge2 Bg4 8. Qd2 Bxe2 9. Nxe2 e6 10. c3 Bd6 11. Bg5 h6 12. Bh4 Be7 13. f3 b5 14. O-O O-O 15. Rae1 b4 16. Bc2 bxc3 17. bxc3 Ne8 18. Qd3 g6 19. Bxe7 Nxe7 20. Nf4 Qd6 21. g3 Rc8 22. Re5 Ng7 23. Rfe1 Rc6 24. g4 Rfc8 25. R5e3 Qxf4 0-1


[Site "https://www.chess.com"]

[Event "Titled Tuesday Blitz August 23 Late 2022"]
[White "Preotu, Razvan"]
[Black "Claverie, Christophe"]
[WhiteFideId "2613280"]
[BlackFideId "605514"]
[WhiteElo "2407"]
[BlackElo "2300"]
[Result "0-1"]
[Round "10"]
[TimeControl "180+1"]
[Date "2022.08.23"]
[WhiteClock "0:01:16"]
[BlackClock "0:01:48"]

1. e4 c5 2. Nf3 d6 3. d4 cxd4 4. Nxd4 Nf6 5. Nc3 Nc6 6. Bg5 Bd7 7. Qd2 Rc8 8. O-O-O Nxd4 9. Qxd4 Qa5 10. Bd2 a6 11. a3 Qc5 12. Qxc5 Rxc5 13. f3 h6 14. Be3 Rc8 15. Nd5 Nxd5 16. exd5 e5 17. dxe6 fxe6 18. g3 Be7 19. Bh3 Kf7 20. Rhe1 Rhe8 21. Bf4 Rc6 22. Re2 g5 23. Be3 Bf6 24. f4 gxf4 25. Bxf4 d5 26. Bxh6 Rh8 27. Rxd5 exd5 28. Bxd7 Rd6 0-1


[Site "https://www.chess.com"]

[Event "Titled Tuesday Blitz August 23 Late 2022"]
[White "Salem, A.R. Saleh"]
[Black "Caruana, Fabiano"]
[WhiteFideId "9301348"]
[BlackFideId "2020009"]
[WhiteElo "2674"]
[BlackElo "2847"]
[Result "0-1"]
[Round "10"]
[TimeControl "180+1"]
[Date "2022.08.23"]
[WhiteClock "0:00:01"]
[BlackClock "0:01:03"]

1. d4 Nf6 2. c4 e6 3. Nc3 Bb4 4. a3 Bxc3+ 5. bxc3 b6 6. f3 Nc6 7. e4 Na5 8. Bd3 d6 9. f4 Ba6 10. Nf3 Qd7 11. e5 Ng8 12. O-O Ne7 13. Nd2 O-O-O 14. Qe2 Kb8 15. Rb1 Qc6 16. Rb4 h5 17. Ne4 h4 18. Ng5 Rdf8 19. Bd2 Qd7 20. h3 Nec6 21. Rbb1 Re8 22. Be3 f6 23. exf6 gxf6 24. Nf3 d5 25. cxd5 Bxd3 26. dxc6 Bxe2 27. cxd7 Rd8 28. Rf2 Bd3 29. Rd1 Be4 30. Nh2 Nc4 31. Bc1 Rxd7 32. Re1 f5 33. Rfe2 Rg8 34. Rxe4 fxe4 35. Rxe4 Rg3 36. Nf3 Rdg7 37. Nxh4 Rxc3 38. Re1 Rxh3 39. f5 Rxh4 40. fxe6 Rh8 41. e7 Re8 0-1


[Site "https://www.chess.com"]

[Event "Titled Tuesday Blitz August 23 Late 2022"]
[White "Shimanov, Aleksandr"]
[Black "Papasimakopoulos, Alexandros"]
[WhiteFideId "4198603"]
[BlackFideId "4244125"]
[WhiteElo "2605"]
[BlackElo "2357"]
[Result "1-0"]
[Round "10"]
[TimeControl "180+1"]
[Date "2022.08.23"]
[WhiteClock "0:00:31"]
[BlackClock "0:00:46"]

1. e4 e6 2. Qe2 c5 3. Nf3 Nc6 4. g3 g6 5. Bg2 Bg7 6. O-O Nge7 7. c3 h6 8. Rd1 d5 9. d4 cxd4 10. cxd4 O-O 11. e5 a5 12. Nc3 b6 13. h4 Ba6 14. Qe1 Nb4 15. Qd2 Nd3 16. Bf1 Nxc1 17. Raxc1 Bxf1 18. Kxf1 Qd7 19. a4 f6 20. exf6 Bxf6 21. Qxh6 Bg7 22. Qe3 Nf5 23. Qe2 Nxg3+ 24. fxg3 Rxf3+ 25. Qxf3 Rf8 26. Qxf8+ Bxf8 27. Kg2 Qd6 28. Re1 Bg7 29. Rcd1 Qb4 30. Rxe6 Qxb2+ 31. Ne2 Kf7 32. Re3 Bf6 33. Rf1 Kg7 34. Kh3 b5 35. axb5 a4 36. Re6 a3 37. Rfxf6 a2 38. Rxg6+ Kf7 39. Rgf6+ Kg8 40. Nf4 a1=Q 41. Re8+ Kg7 42. Nh5+ Kh7 43. Rf7+ Kg6 44. Rg7+ Kf5 45. g4# 1-0


[Site "https://www.chess.com"]

[Event "Titled Tuesday Blitz August 23 Late 2022"]
[White "Tanenbaum, Zachary"]
[Black "Jones, Gawain C B"]
[WhiteFideId "2060850"]
[BlackFideId "409561"]
[WhiteElo "2175"]
[BlackElo "2657"]
[Result "1-0"]
[Round "10"]
[TimeControl "180+1"]
[Date "2022.08.23"]
[WhiteClock "0:00:03"]
[BlackClock "0:00:04"]

1. e4 d6 2. d4 Nf6 3. Nc3 c6 4. Nf3 Qc7 5. Bf4 Bg4 6. h3 Bxf3 7. Qxf3 e5 8. Be3 Nbd7 9. a4 Be7 10. Bc4 exd4 11. Bxd4 Ne5 12. Qe2 Nxc4 13. Qxc4 O-O 14. O-O Nxe4 15. Nxe4 d5 16. Qc3 dxe4 17. Bxg7 Bb4 18. Qf6 Be7 19. Qh6 Rfd8 20. Bc3 f6 21. Bxf6 Bxf6 22. Qxf6 Qd6 23. Qc3 Qd5 24. Rfe1 Rd7 25. Re3 Rg7 26. Rae1 Re8 27. f3 Qg5 28. Qc4+ Kh8 29. Qe2 Reg8 30. g4 Qc5 31. Kh2 Qd6+ 32. Kh1 Qh6 33. Kg2 exf3+ 34. Qxf3 Qg6 35. R1e2 h5 36. Re4 hxg4 37. hxg4 Qh5 38. Kg3 Qg6 39. Rh2+ Rh7 40. Rxh7+ Kxh7 41. Re7+ Rg7 42. Rxg7+ Kxg7 43. Qc3+ Kf8 44. Qb4+ Ke8 45. Qxb7 Qxc2 46. Qb8+ Kf7 47. Qxa7+ Kg6 48. Qd4 Qb1 49. Qd6+ Kg7 50. Qc7+ Kg8 51. Qd8+ Kg7 52. Qd7+ Kg8 53. Qe6+ Kg7 54. Qe5+ Kg8 55. Qg5+ Kf7 56. Qf5+ Qxf5 57. gxf5 1-0


[Site "https://www.chess.com"]

[Event "Titled Tuesday Blitz August 23 Late 2022"]
[White "Thomforde-Toates, Noah"]
[Black "Nozdrachev, Leonid"]
[WhiteFideId "30951992"]
[BlackFideId "24113433"]
[WhiteElo "2610"]
[BlackElo "2100"]
[Result "1-0"]
[Round "10"]
[TimeControl "180+1"]
[Date "2022.08.23"]
[WhiteClock "0:00:51"]
[BlackClock "0:00:01"]

1. e4 c6 2. Bc4 d5 3. Bb3 Nf6 4. e5 Ne4 5. Nc3 Nc5 6. d4 Nxb3 7. axb3 Bf5 8. Nge2 e6 9. Ng3 Bg6 10. h4 h6 11. h5 Bh7 12. Be3 Be7 13. Qd2 Nd7 14. Nce2 Qb6 15. Kd1 Rc8 16. Qa5 Qxa5 17. Rxa5 a6 18. c3 f6 19. f4 fxe5 20. fxe5 O-O 21. b4 Ra8 22. Kd2 Nb6 23. b3 Rf7 24. Nf4 Bg5 25. Nxe6 Rf2+ 26. Ne2 Rxg2 27. Bxg5 hxg5 28. Rg1 Rxg1 29. Nxg1 g4 30. Nc5 Rf8 31. Ne2 Rf2 32. Ke3 Rf3+ 33. Kd2 g3 34. Ra1 Nd7 35. Nxd7 Rd3+ 36. Ke1 g2 37. Kf2 Rd2 38. Re1 Bd3 39. Kxg2 Bxe2 40. Kg3 Bxh5 41. Nc5 b6 42. Nd7 Rd3+ 43. Kh4 Rxc3 44. Kxh5 Kf7 45. e6+ Ke7 46. Nb8 a5 47. bxa5 bxa5 48. Na6 Rxb3 49. Nc5 Rg3 50. Rf1 a4 51. Rf7+ Ke8 52. Nb7 Rh3+ 53. Kg4 1-0


[Site "https://www.chess.com"]

[Event "Titled Tuesday Blitz August 23 Late 2022"]
[White "Uskov, Artem"]
[Black "Vlassov, Nikolai"]
[WhiteFideId "34254854"]
[BlackFideId "4103360"]
[WhiteElo "2335"]
[BlackElo "2324"]
[Result "1-0"]
[Round "10"]
[TimeControl "180+1"]
[Date "2022.08.23"]
[WhiteClock "0:00:45"]
[BlackClock "0:00:19"]

1. Nf3 c5 2. g3 Nc6 3. Bg2 e5 4. O-O g5 5. d3 g4 6. Nfd2 h5 7. c4 h4 8. Ne4 f5 9. Bg5 Be7 10. Nd6+ Kf8 11. Bxe7+ Ngxe7 12. e4 Rh6 13. Nxf5 Nxf5 14. exf5 Qg5 15. Nc3 d6 16. Ne4 Qxf5 17. f3 Ke7 18. fxg4 Qxg4 19. Qd2 Qg6 20. Rf6 Qxf6 21. Nxf6 Rxf6 22. Rf1 Rxf1+ 23. Kxf1 hxg3 24. Qg5+ Kf7 25. Bd5+ Ke8 26. Qg8+ Kd7 27. Qf7+ Kd8 28. hxg3 Rb8 29. g4 Bd7 30. g5 Kc7 31. g6 e4 32. Bxc6 bxc6 33. g7 exd3 34. g8=Q 1-0


[Site "https://www.chess.com"]

[Event "Titled Tuesday Blitz August 23 Late 2022"]
[White "Wan, Joseph"]
[Black "Lenderman, Aleksandr"]
[WhiteFideId "2069890"]
[BlackFideId "2021285"]
[WhiteElo "2198"]
[BlackElo "2607"]
[Result "0-1"]
[Round "10"]
[TimeControl "180+1"]
[Date "2022.08.23"]
[WhiteClock "0:00:06"]
[BlackClock "0:00:57"]

1. d4 e6 2. Bf4 c5 3. e3 Qb6 4. Nc3 Nf6 5. Nf3 Be7 6. Bd3 d5 7. dxc5 Bxc5 8. O-O Nc6 9. Na4 Qa5 10. c3 Be7 11. b4 Qd8 12. h3 O-O 13. a3 Bd6 14. Bg5 e5 15. e4 dxe4 16. Bxe4 Bc7 17. Qxd8 Rxd8 18. Bxf6 gxf6 19. Rad1 Rxd1 20. Rxd1 f5 21. Bxc6 bxc6 22. Nc5 a5 23. Nd2 axb4 24. axb4 Kf8 25. Nc4 Ke7 26. Kf1 f4 27. Ke2 Bf5 28. Rd2 Rg8 29. Kf1 Ra8 30. Ke2 Ra1 31. Nb2 e4 32. Nba4 Be5 33. Rb2 Rg1 34. b5 Rxg2 35. Kf1 f3 36. bxc6 Bxh3 37. Ke1 e3 38. fxe3 Bg3+ 39. Kd1 Rxb2 40. Nxb2 f2 41. Nbd3 f1=Q+ 42. Kc2 Qe2+ 43. Kb3 Qxe3 44. Kb4 Bd6 45. Kc4 Be6+ 46. Nxe6 Qxe6+ 47. Kd4 f5 48. c4 Qe4+ 49. Kc3 Qxc6 50. Nc1 Be5+ 51. Kc2 Qxc4+ 52. Kd1 Bf4 53. Ne2 Qd3+ 54. Ke1 Be3 55. Kf1 Qd1+ 56. Kg2 Qxe2+ 57. Kg3 Qg4+ 58. Kh2 Bf4+ 59. Kh1 Qh3+ 60. Kg1 Be3# 0-1


[Site "https://www.chess.com"]

[Event "Titled Tuesday Blitz August 23 Late 2022"]
[White "Wirig, Anthony"]
[Black "Melikyan, Gnel"]
[WhiteFideId "615013"]
[BlackFideId "54109990"]
[WhiteElo "2474"]
[BlackElo "1772"]
[Result "0-1"]
[Round "10"]
[TimeControl "180+1"]
[Date "2022.08.23"]
[WhiteClock "0:01:18"]
[BlackClock "0:01:23"]

1. e4 c5 2. Nf3 Nc6 3. d3 g6 4. g3 Bg7 5. Bg2 Nf6 6. O-O O-O 7. Re1 Rb8 8. e5 Ng4 9. Bf4 d6 10. exd6 exd6 11. c3 Nge5 12. h3 Bf5 13. Re3 c4 14. dxc4 Nxc4 15. Re2 N4e5 16. Rd2 Nc4 17. Re2 N4e5 18. Bg5 Nxf3+ 19. Bxf3 Qxg5 20. h4 Qf6 21. Nd2 Rfe8 22. Rxe8+ Rxe8 23. Qa4 Bh6 24. Nf1 Bd3 25. Bg2 Re2 26. f4 Qf5 27. Qa3 Be4 0-1


[Site "https://www.chess.com"]

[Event "Titled Tuesday Blitz August 23 Late 2022"]
[White "Xiong, Jeffery"]
[Black "Nakamura, Hikaru"]
[WhiteFideId "2047640"]
[BlackFideId "2016192"]
[WhiteElo "2714"]
[BlackElo "2850"]
[Result "1-0"]
[Round "10"]
[TimeControl "180+1"]
[Date "2022.08.23"]
[WhiteClock "0:01:47"]
[BlackClock "0:01:15"]

1. e4 g6 2. d4 Bg7 3. Nf3 c6 4. c4 d6 5. Nc3 Bg4 6. Be2 Nd7 7. Be3 Ngf6 8. O-O O-O 9. h3 Bxf3 10. Bxf3 e5 11. d5 c5 12. a3 a6 13. b4 Rc8 14. Be2 Ne8 15. Rb1 b6 16. Qa4 f5 17. Qxa6 Ra8 18. Qb7 Rf7 19. bxc5 dxc5 20. exf5 Nd6 21. Qc6 Rc8 22. Qxd6 Rf6 23. Bg5 Rxd6 24. Bxd8 Rxd8 25. Ne4 Nf6 26. Nxd6 Rxd6 27. fxg6 hxg6 28. Rb3 e4 29. Rfb1 e3 30. Rxb6 exf2+ 31. Kxf2 Rd7 32. Rb7 1-0


[Site "https://www.chess.com"]

[Event "Titled Tuesday Blitz August 23 Late 2022"]
[White "Zhigalko, Sergei"]
[Black "Matinian, Nikita"]
[WhiteFideId "13502956"]
[BlackFideId "24129100"]
[WhiteElo "2662"]
[BlackElo "2422"]
[Result "1-0"]
[Round "10"]
[TimeControl "180+1"]
[Date "2022.08.23"]
[WhiteClock "0:00:43"]
[BlackClock "0:00:30"]

1. e4 d6 2. d4 g6 3. Nc3 Bg7 4. Nf3 a6 5. Be3 b6 6. Bd3 Bb7 7. O-O Nd7 8. Re1 e6 9. Qd2 h6 10. a4 Ne7 11. h3 g5 12. Ne2 c5 13. c3 c4 14. Bc2 Qc7 15. Ng3 O-O-O 16. b3 cxb3 17. Bxb3 Ng6 18. a5 h5 19. Nxg5 h4 20. Nf1 Rdf8 21. axb6 Nxb6 22. d5 exd5 23. Bxb6 Qxb6 24. Bxd5 Bxd5 25. Qxd5 Nf4 26. Qf5+ Ne6 27. Nxe6 fxe6 28. Qxe6+ Kd8 29. Ne3 Rh6 30. Qd5 Be5 31. Qa8+ Ke7 32. Nd5+ 1-0


[Site "https://www.chess.com"]

[Event "Titled Tuesday Blitz August 23 Late 2022"]
[White "Adewumi, Tanitoluwa"]
[Black "Carbone, Diego"]
[WhiteFideId "30966396"]
[BlackFideId "3002179"]
[WhiteElo "2627"]
[BlackElo "2199"]
[Result "1-0"]
[Round "11"]
[TimeControl "180+1"]
[Date "2022.08.23"]
[WhiteClock "0:00:23"]
[BlackClock "0:00:01"]

1. e4 e5 2. Nf3 Nc6 3. Bc4 Bc5 4. O-O Nf6 5. d3 O-O 6. Re1 d6 7. c3 a5 8. h3 h6 9. Bb5 Bd7 10. d4 Bb6 11. Ba4 Re8 12. Bc2 exd4 13. cxd4 Nb4 14. Nc3 Nxc2 15. Qxc2 c5 16. d5 a4 17. Bf4 Bc7 18. e5 dxe5 19. Bxe5 Ba5 20. Rad1 b5 21. Re3 a3 22. b3 Rc8 23. d6 c4 24. Bxf6 Qxf6 25. Nd5 Qxd6 26. Ne7+ Qxe7 27. Rxe7 Rxe7 28. bxc4 Rxc4 29. Qb3 Rc3 30. Qd5 Bc6 31. Qd6 Rd7 32. Qb8+ Kh7 33. Rb1 Bxf3 34. Qxb5 Rdd3 35. gxf3 Bc7 36. Qf5+ Kg8 37. Re1 Kf8 38. Qh7 1-0


[Site "https://www.chess.com"]

[Event "Titled Tuesday Blitz August 23 Late 2022"]
[White "Arias, Juan Cruz"]
[Black "Leitao, Rafael"]
[WhiteFideId "118540"]
[BlackFideId "2101246"]
[WhiteElo "2091"]
[BlackElo "2609"]
[Result "0-1"]
[Round "11"]
[TimeControl "180+1"]
[Date "2022.08.23"]
[WhiteClock "0:00:36"]
[BlackClock "0:00:25"]

1. e4 c5 2. Nf3 d6 3. d4 cxd4 4. Nxd4 Nf6 5. Nc3 Nc6 6. Nb3 e6 7. Bd3 Be7 8. O-O a6 9. f4 b5 10. Qf3 Bb7 11. Qh3 O-O 12. Bd2 g6 13. Rae1 Nb4 14. f5 Nxd3 15. cxd3 exf5 16. exf5 Re8 17. Bg5 Nh5 18. f6 Qb6+ 19. Be3 Qc6 20. Nd4 Qc7 21. fxe7 Rxe7 22. g4 Ng7 23. Bg5 Rxe1 24. Rxe1 Qc5 25. Bf6 Re8 26. Re3 b4 27. Nce2 Qd5 28. Bxg7 Rxe3 29. Qxe3 Qg2# 0-1


[Site "https://www.chess.com"]

[Event "Titled Tuesday Blitz August 23 Late 2022"]
[White "Bacrot, Etienne"]
[Black "Hjartarson, Johann"]
[WhiteFideId "605506"]
[BlackFideId "2300044"]
[WhiteElo "2673"]
[BlackElo "2458"]
[Result "1-0"]
[Round "11"]
[TimeControl "180+1"]
[Date "2022.08.23"]
[WhiteClock "0:00:29"]
[BlackClock "0:00:16"]

1. e4 g6 2. h4 h5 3. d4 d6 4. Nc3 a6 5. Bc4 b5 6. Bb3 e6 7. f4 Bg7 8. Nf3 Nf6 9. Qe2 Ng4 10. f5 Nc6 11. fxg6 fxg6 12. Bg5 Qd7 13. O-O-O Na5 14. Rhf1 O-O 15. e5 d5 16. Qd3 Rf5 17. Ne2 Nxb3+ 18. axb3 a5 19. Ng3 a4 20. b4 Bf8 21. Nxf5 gxf5 22. Bd2 Qc6 23. Kb1 Qc4 24. Qxc4 bxc4 25. Ng5 Rb8 26. c3 Bd7 27. Nh3 Rb6 28. Kc2 Be8 29. Bg5 Kh7 30. Kd2 Ra6 31. Ra1 Bd7 32. Nf4 Be8 33. Ra3 Ra8 34. Ke2 Ra6 35. Rfa1 Ra8 36. Nxe6 1-0


[Site "https://www.chess.com"]

[Event "Titled Tuesday Blitz August 23 Late 2022"]
[White "Blanco Ronquillo, Humberto L."]
[Black "Zong, Davis"]
[WhiteFideId "3504239"]
[BlackFideId "30903955"]
[WhiteElo "2425"]
[BlackElo "2061"]
[Result "1-0"]
[Round "11"]
[TimeControl "180+1"]
[Date "2022.08.23"]
[WhiteClock "0:01:08"]
[BlackClock "0:00:48"]

1. d4 d5 2. c4 c6 3. Nc3 Nf6 4. e3 Bf5 5. cxd5 cxd5 6. Qb3 Bc8 7. Nf3 Nc6 8. Bd3 e6 9. O-O Bd6 10. Bd2 O-O 11. Rfc1 Qb6 12. Qd1 e5 13. Nb5 Bb8 14. dxe5 Nxe5 15. Nxe5 Bxe5 16. Bc3 Bxc3 17. Rxc3 Bd7 18. Nd4 Rac8 19. Qc2 Rxc3 20. Qxc3 Rc8 21. Qa3 Qc5 22. Qxc5 Rxc5 23. Kf1 Kf8 24. Ke2 Ke7 25. Kd2 Kd6 26. f3 g6 27. g4 h5 28. h3 Ne8 29. gxh5 gxh5 30. h4 Nc7 31. b4 Rc6 32. Nxc6 bxc6 33. Rg1 Ne6 34. Rg8 Kc7 35. Rh8 Kb6 36. Rxh5 a5 37. a3 axb4 38. axb4 c5 39. bxc5+ Kxc5 40. Rh7 d4 41. Rxf7 Bc6 42. h5 Ng5 43. Rf5+ 1-0


[Site "https://www.chess.com"]

[Event "Titled Tuesday Blitz August 23 Late 2022"]
[White "Carlsen, Magnus"]
[Black "Paravyan, David"]
[WhiteFideId "1503014"]
[BlackFideId "4194985"]
[WhiteElo "2830"]
[BlackElo "2569"]
[Result "1/2-1/2"]
[Round "11"]
[TimeControl "180+1"]
[Date "2022.08.23"]
[WhiteClock "0:00:12"]
[BlackClock "0:00:04"]

1. b4 e5 2. Bb2 Bxb4 3. Bxe5 Nf6 4. c3 Be7 5. g3 Nc6 6. Bxf6 Bxf6 7. Bg2 d5 8. d4 O-O 9. e3 Na5 10. Ne2 b6 11. O-O Ba6 12. Re1 Rc8 13. Nd2 Nc4 14. Qa4 Nxd2 15. Qxa6 c6 16. Rad1 Ne4 17. c4 h5 18. cxd5 cxd5 19. Bxe4 dxe4 20. Qxa7 Rc2 21. Qa4 Qc8 22. Qb5 Qg4 23. Nf4 Bg5 24. Ne2 Bh6 25. Rc1 Rxa2 26. Nc3 Rxf2 27. Nxe4 Rf5 28. Qd3 h4 29. Rf1 Rxf1+ 30. Rxf1 Re8 31. Nd6 Rxe3 32. Qf5 Qxf5 33. Nxf5 Rd3 34. Rb1 hxg3 35. hxg3 Be3+ 36. Kg2 Bxd4 37. Nxd4 Rxd4 38. Rxb6 g6 39. Rb8+ Kg7 40. Rb7 Rd5 41. Rb6 f5 42. Rb7+ Kh6 43. Rb6 Kg5 44. Ra6 Rd2+ 45. Kf3 Rd3+ 46. Kg2 Kh5 47. g4+ fxg4 48. Ra8 Kh4 49. Rh8+ Kg5 50. Ra8 Rc3 51. Rb8 Re3 52. Ra8 Kf4 53. Rf8+ Kg5 54. Ra8 Kh4 55. Rh8+ Kg5 56. Ra8 1/2-1/2


[Site "https://www.chess.com"]

[Event "Titled Tuesday Blitz August 23 Late 2022"]
[White "Caruana, Fabiano"]
[Black "Andreikin, Dmitry"]
[WhiteFideId "2020009"]
[BlackFideId "4158814"]
[WhiteElo "2847"]
[BlackElo "2736"]
[Result "1-0"]
[Round "11"]
[TimeControl "180+1"]
[Date "2022.08.23"]
[WhiteClock "0:00:09"]
[BlackClock "0:00:02"]

1. e4 c5 2. Nf3 e6 3. b3 b6 4. Bb2 Bb7 5. Nc3 Nf6 6. Qe2 d6 7. O-O-O e5 8. Rg1 Nc6 9. g4 a6 10. h4 Nd4 11. Qe3 h5 12. gxh5 Nxh5 13. Nd5 g6 14. Nxd4 cxd4 15. Qf3 Bh6 16. Kb1 Bxd5 17. exd5 Qxh4 18. Rh1 Qf4 19. Qe2 b5 20. Bg2 Qf6 21. Bf3 Nf4 22. Qe4 Kf8 23. Rdg1 Kg7 24. c3 d3 25. Rg4 Bg5 26. Rhg1 Nh3 27. R1g2 Bxd2 28. Qxd3 Be1 29. Qe2 Bxf2 30. Be4 Rh6 31. Bc1 Rah8 32. Rh2 Bb6 33. Bxh6+ Rxh6 34. Qd2 Nf4 35. Rxh6 Kxh6 36. Kb2 Kg7 37. b4 Qd8 38. Bc2 Qc8 39. Rh4 Qd8 40. Qh2 Nh5 41. Rxh5 gxh5 42. Qxh5 Qf6 43. Qg4+ Kf8 44. Qc8+ Qd8 45. Qxa6 Be3 46. Qxb5 Qg5 47. a4 Bd2 48. Qb8+ Kg7 49. Qxd6 Qe3 50. Qc5 Qe1 51. d6 Bg5 52. a5 Bf6 53. a6 e4 54. a7 e3 55. a8=Q e2 56. Qg2+ Kh8 57. Qh5# 1-0


[Site "https://www.chess.com"]

[Event "Titled Tuesday Blitz August 23 Late 2022"]
[White "Cruz, Cristhian"]
[Black "Poltorak, Sebastian"]
[WhiteFideId "3801969"]
[BlackFideId "1199498"]
[WhiteElo "2497"]
[BlackElo "2102"]
[Result "0-1"]
[Round "11"]
[TimeControl "180+1"]
[Date "2022.08.23"]
[WhiteClock "0:01:14"]
[BlackClock "0:00:46"]

1. d4 Nf6 2. c4 g6 3. Nc3 d5 4. cxd5 Nxd5 5. e4 Nxc3 6. bxc3 Bg7 7. Bg5 c5 8. Rc1 Qa5 9. Qd2 h6 10. Be3 cxd4 11. cxd4 Qxd2+ 12. Kxd2 O-O 13. Nf3 Rd8 14. Rc7 Nc6 15. Bd3 Nxd4 16. Nxd4 Bxd4 17. Bxd4 Rxd4 18. Rxe7 Be6 19. Ke3 Rad8 20. Be2 Bxa2 21. Rxb7 Rxe4+ 22. Kxe4 Bd5+ 23. Ke3 Bxb7 24. f3 Re8+ 25. Kf2 a5 26. Rb1 Bd5 27. Rd1 Bb3 28. Rd7 Ra8 0-1


[Site "https://www.chess.com"]

[Event "Titled Tuesday Blitz August 23 Late 2022"]
[White "Czopor, Maciej"]
[Black "Jaskolka, Tomasz"]
[WhiteFideId "21805431"]
[BlackFideId "1170791"]
[WhiteElo "1924"]
[BlackElo "2073"]
[Result "1-0"]
[Round "11"]
[TimeControl "180+1"]
[Date "2022.08.23"]
[WhiteClock "0:00:36"]
[BlackClock "0:00:28"]

1. c4 c6 2. b3 d5 3. Bb2 Nf6 4. Nf3 a6 5. g3 Bf5 6. Bg2 e6 7. O-O Nbd7 8. d3 Bg6 9. Nh4 Be7 10. Nd2 O-O 11. Nxg6 hxg6 12. e4 Nc5 13. e5 Ne8 14. d4 Nd7 15. h4 dxc4 16. bxc4 Nc7 17. h5 gxh5 18. Qxh5 g6 19. Qe2 Re8 20. Ne4 Rb8 21. Rab1 c5 22. Nd6 Rf8 23. Nxb7 Qc8 24. Na5 cxd4 25. Nc6 Bc5 26. Nxb8 Nxb8 27. Qe4 Qd7 28. Rfd1 Rd8 29. Bf3 a5 30. Kg2 Nba6 31. Rh1 Bf8 32. Qh4 Bg7 33. Ba3 Nb4 34. Qh7+ Kf8 35. Rxb4 axb4 36. Bxb4+ Ke8 37. Qg8+ Bf8 38. Qxf8# 1-0


[Site "https://www.chess.com"]